 Dungeon Crawl Stone Soup version 0.28-a0-1510-gd0f6b136d3 (webtiles) character file.

Game seed: 11928421795424688285

7 AigisTheKnight the Grasshopper (level 2, -4/26 HPs)
             Began as a Naga Warper on Jan 15, 2022.
             Slain by Terence (9 damage)
             ... on level 1 of the Dungeon.
             The game lasted 00:00:36 (431 turns).

AigisTheKnight the Grasshopper (Naga Warper)         Turns: 431, Time: 00:00:37

Health: -4/26      AC:  2    Str: 13    XL:     2   Next: 0%
Magic:  5/5        EV:  9    Int: 13    God:
Gold:   12         SH:  0    Dex: 10    Spells: 5/5 levels left

rFire   . . .      SeeInvis +   a - +0 mace
rCold   . . .      Faith    .   (no shield)
rNeg    . . .      Spirit   .   b - +0 leather armour
rPois   +          Reflect  .   (no helmet)
rElec   .          Harm     .   (no cloak)
rCorr   .          Rampage  .   (no gloves)
Will    .....                   (no barding)
Stlth   +.........              (no amulet)
HPRegen 0.08/turn               (no ring)
MPRegen 0.09/turn               (no ring)

@: very slow
A: AC +0, large, see invisible, deformed body, poison resistance, slowness 2,
spit poison 1, naga tail 1
a: Spit Poison


You were on level 1 of the Dungeon.
You visited 1 branch of the dungeon, and saw 2 of its levels.

You collected 12 gold pieces.

Inventory:

Hand Weapons
 a - a +0 mace (weapon)
Missiles
 d - 5 boomerangs of dispersal (quivered)
Armour
 b - a +0 leather armour (worn)
 g - a +0 ring mail
 h - a +0 kite shield
 j - a +0 buckler
Jewellery
 e - a ring of resist corrosion
Scrolls
 c - 2 scrolls of blinking
Potions
 f - 2 potions of curing {unknown}
 i - a potion of lignification {unknown}


   Skills:
 + Level 2.1 Fighting
 + Level 2.1 Maces & Flails
 - Level 0.8 Throwing
 + Level 0.9 Armour
 + Level 1.6 Dodging
 + Level 2.0 Spellcasting
 + Level 3.0 Translocations


You had 5 spell levels left.
You didn't know any spells.
Your spell library contained the following spells:

 Spells                   Type           Power      Damage    Failure   Level
 Blink                    Tloc           18%        N/A       14%         2
 Gell's Gravitas          Tloc           9%         N/A       26%         3
 Lesser Beckoning         Tloc           9%         N/A       26%         3
 Teleport Other           Tloc           9%         N/A       26%         3
 Manifold Assault         Tloc           9%         N/A       94%         5


Dungeon Overview and Level Annotations

Branches:
Dungeon (2/15)

Altars:

Annotations:
D:1 Terence


Innate Abilities, Weirdness & Mutations

Your serpentine skin is tough. (AC +0)
You have supernaturally acute eyesight. (SInv)
Armour fits poorly on your strangely shaped body.
Your system is resistant to poisons. (rPois)
You cover ground very slowly.
You can spit poison.
You have a snake-like lower body.


Message History

You have reached level 2!
Found a stone staircase leading down.
A hobgoblin comes into view.
The hobgoblin shouts!
A frilled lizard comes into view.
There are monsters nearby!
A hobgoblin comes into view.
The frilled lizard hisses angrily.
A giant cockroach comes into view.
The frilled lizard bites you.
You barely miss the frilled lizard.
The frilled lizard bites you but does no damage.
A goblin comes into view. It is wielding a +0 club.
The frilled lizard bites you.
You closely miss the frilled lizard.
The goblin shouts!
The frilled lizard bites you but does no damage.
The hobgoblin barely misses you.
You closely miss the frilled lizard. The frilled lizard bites you.
The hobgoblin hits you. The frilled lizard bites you.
The frilled lizard bites you. The frilled lizard bites you.
You miss the frilled lizard. Your punch misses the frilled lizard.
The frilled lizard bites you but does no damage.
The frilled lizard closely misses you. The frilled lizard closely misses you.
The frilled lizard bites you.
There is a stone staircase leading down here.
The frilled lizard bites you.
You climb downwards.
Terence shouts!
There is a stone staircase leading up here.
The frilled lizard bites you. Terence barely misses you.
You climb upwards.
The hobgoblin hits you.
There is a stone staircase leading down here.
You barely miss the hobgoblin. The hobgoblin hits you.
* * * LOW HITPOINT WARNING * * *
Terence hits you with a +0 trident!
You die...

#..†.##..........).#.#.
####...###.###.#..##...##
#........#.# #.#..###....
#.###..#.#.# #.#.......P.
#.....# # #....#.#
#.#.###..P#≈ .....#
##.###.# #...# #..##≈
#....# #...#.# #####
#..≈≈≈
#....##########g#.#
#..##≈ ##....#....Bggl@@#
#..P#≈ ......#.##########
#...P. .....g#.### #.....
..g.B.#g..### #....<
###.##......# #.....
#.........# #...P.
####......# ......P#≈
#......# #...##.##≈
#.....## #... #.≈≈≈


You could see Terence, a giant cockroach, 2 hobgoblins, a goblin and a frilled
lizard.

Vanquished Creatures
  A bat (D:1)
  An endoplasm (D:1)
  A hobgoblin (D:1)
  A kobold (D:1)
  2 goblins (D:1)
6 creatures vanquished.

Notes
Turn   | Place    | Note
-------+----------+-------------------------------------------
     0 | D:1      | AigisTheKnight the Naga Warper began the quest for the Orb.
     0 | D:1      | Reached XP level 1. HP: 19/19 MP: 3/3
   358 | D:1      | Reached XP level 2. HP: 23/26 MP: 5/5
   428 | D:2      | Noticed Terence
   431 | D:1      | Slain by Terence

Illustrated notes

Levels and vault maps discovered:
D:1:      eino_arrival_water_cross, layout_basic,
          shapermc_ecumenical_altar_hornbeckon, chequers_jeans
D:2:      layout_basic, serial_shops, shop, kennysheep_nub,
          chequers_serial_rivers_large_a, minmay_tromino_v4_a, uniq_terence

Action                   || total
-------------------------++-------
Melee: Mace              ||    19
Armor: Leather armour    ||     9
Dodge: Dodged            ||    13

Table legend: (Time is in decaauts)
 A = Elapsed time spent in this place.
 B = Non-inter-level travel time spent in this place.
 C = Inter-level travel time spent in this place.
 D = Time resting spent in this place.
 E = Time spent auto-exploring this place.
 F = Levels seen in this place.
 G = Mean time per level.
                   A        B        C        D        E       F      G
               +--------+--------+--------+--------+--------+-----+--------+
         Total |    498 |    476 |     22 |      0 |    372 |   2 |  249.0 |
       Dungeon |    498 |    476 |     22 |      0 |    372 |   2 |  249.0 |
               +--------+--------+--------+--------+--------+-----+--------+

Top non-repeatable levels by time:
     D:1: 496 daAuts
     D:2: 1 daAuts
